cohdb
Replays
Latest Replays
All Replays
Popular Replays
Top Player Replays
Match Explorer
How It Works
Community
CoH3 Stats
Reddit
Sign in to upload your games and track your stats! →
Sign in with Steam
Match 38267103
Unlisted
Match 38267103
Overview
Messages
Build Orders
End
Construct Infanterie Kompanie
Grenadier Squad
Grenadier Squad
Grenadier Squad
Grenadier Squad
Construct Luftwaffe Kompanie
Support Elements
Jäger Squad
Marder III M Tank Destroyer
Medical Bunker
Construct Panzer Kompanie
Sturmpanzer IV Brummbär
Selects Luftwaffe Battlegroup
Selects Stuka Strafing Run
Selects Fallschirmjäger Squad Paradrop
Selects Stuka Loiter
Selects Luftwaffe Pioneer Support
Fallschirmpioneer Squad Paradrop
Stuka Loiter
Stuka Strafing Run
Stuka Strafing Run
Side Skirts
Sturmpanzer IV Brummbär
Stuka Loiter
Stuka Strafing Run
Stuka Strafing Run
AltoLivello ITA
✠KREUZZUG✠
Keamy
Mael Radec
Sabom
azur
kingweef
Gollum
0
0
Comments
sign in to comment!
No comments posted yet!